AoeStats
← Noso_vinci

Arena

510429009Analyzed
1v1 RM · 1d ago on Oct 1, 2026· 25m 49s· 2 players
Game mode
Random Map
Map size
Tiny (2 player)
Population
200
Speed
Normal
Resources
Standard
Victory
Conquest
Starting age
Dark Age
Ending age
Imperial Age
RankedLock teamsTeams togetherTeam positionsShared explorationLock speedFull tech treeHidden civsTurbo modeCheats
Victory
Defeat
🇺🇸 Saxons · United States
1440
+16
🇻🇪 Spanish · Venezuela
1433
-16
Noso_vinci
1:47 Loom
10:08 Feudal Age
9:02 Loom
14:32 Castle Age
12:36 Double-Bit Axe
13:00 Horse Collar
28:19 Imperial Age
Mitch
10:15 Feudal Age
11:10 Double-Bit Axe
14:02 Castle Age
13:04 Loom
20:44 Bow Saw
21:25 Town Watch
23:21 Sanctity
22:56 Fletching
25:27 Redemption
24:47 Clerical Recruitment
Connection lost

Rejoining the realm…

Still unreachable

The connection could not be restored.

Session expired

The server has moved on; the page needs a fresh start.